 Dungeon Crawl Stone Soup version 0.21.0-3-g78d12a8 (webtiles) character file.

33 mopl the Insei (level 3, -3/26 HPs)
             Began as a Barachi Transmuter on Jan 9, 2018.
             Slain by Sigmund
             ... wielding a +0 scythe
              (13 damage)
             ... on level 2 of the Dungeon.
             The game lasted 00:01:59 (1095 turns).

mopl the Insei (Barachi Transmuter)                 Turns: 1095, Time: 00:02:00

Health: -3/26      AC:  2    Str: 11    XL:     3   Next: 29%
Magic:  3/6        EV: 20    Int: 14    God:
Gold:   60         SH:  0    Dex: 17    Spells: 0/6 levels left

rFire    . . .     SeeInvis .     - Unarmed
rCold    . . .     Gourm    .   (shield currently unavailable)
rNeg     . . .     Faith    .   (armour currently unavailable)
rPois    x         Spirit   .   (helmet currently unavailable)
rElec    .         Reflect  .   (cloak currently unavailable)
rCorr    .         Harm     .   (gloves currently unavailable)
MR       .....                  (boots currently unavailable)
Stlth    ++........             (no amulet)
HPRegen  0.08/turn              (no ring)
MPRegen  0.10/turn              (no ring)

@: spider-form (expiring)
A: tiny, +LOS, swims
a: End Transformation


You were on level 2 of the Dungeon.
You were not hungry.
You were a venomous arachnid creature.
You visited 1 branch of the dungeon, and saw 2 of its levels.

You collected 60 gold pieces.

Inventory:

Missiles
 a - 12 arrows
 f - 17 poisoned needles
Armour
 b - a +0 robe (melded)
Scrolls
 e - a scroll of remove curse {unknown}
 g - a scroll of fear {unknown}
 h - a scroll of teleportation {unknown}
 i - a scroll of blinking {unknown}
 k - a scroll of identify {unknown}
Potions
 l - a potion of mutation {unknown}
Books
 c - a book of Changes

   Spells                             Type                      Level
   a - Beastly Appendage              Transmutation                1
   b - Sticks to Snakes               Transmutation                2
   c - Spider Form                    Transmutation/Poison         3
   d - Ice Form                       Ice/Transmutation            4
   e - Blade Hands                    Transmutation                5
Comestibles
 d - 2 rations


   Skills:
 - Level 1.2 Fighting
 - Level 2.1 Dodging
 * Level 4.2 Unarmed Combat
 - Level 2.1 Spellcasting
 + Level 2.8 Transmutations
 + Level 0.2 Poison Magic


You couldn't memorise any spells.
You knew the following spells:

 Your Spells              Type           Power        Failure   Level  Hunger
a - Beastly Appendage     Tmut           #.....       19%         1    #......
b - Spider Form           Tmut/Pois      #.........   58%         3    ###....
w - Sticks to Snakes      Tmut           #.......     26%         2    ###....


Dungeon Overview and Level Annotations

Branches:
Dungeon (2/15)

Altars:

Annotations:
D:2 Sigmund


Innate Abilities, Weirdness & Mutations

Shadows flee at your approach. (+LOS)
You can swim through water.
((You cover ground slowly.))
((You can hop short distances.))


Message History

Unknown command.
No target in view!
You climb downwards.
Level annotation: Sigmund Your transformation is almost over.
Sigmund hits you from afar with a scythe!
There is a stone staircase leading up here.
Unknown command.
Unknown command.
You hit Sigmund but do no damage.
Sigmund is poisoned.
Sigmund casts a spell.
Sigmund flickers and vanishes!
Deactivating autopickup; reactivate with Ctrl-A.
You closely miss something.
You hear some strange, mumbled words.
A magic dart appears from out of thin air!
The magic dart hits you!
You hit something. Something hits you!
Ouch! That really hurt!
You die...

..... #.#.# #.#.#
#.#.### #.....#
#.#.#.#########
#..............
####.#.#{#########
#.......s#########
#.#######<(.......
# #.######## #.#
#.# #.# #.# #.#
######### #.#
#........


There were no monsters in sight!

Vanquished Creatures
  3 dart slugs (D:1)
  A leopard gecko (D:1)
  3 goblins
  3 hobgoblins (D:2)
  A ball python (D:1)
  8 bats
  3 frilled lizards
  A kobold (D:2)
  4 rats (D:1)
27 creatures vanquished.

Notes
Turn   | Place    | Note
-------+----------+-------------------------------------------
     0 | D:1      | mopl the Barachi Transmuter began the quest for the Orb.
     0 | D:1      | Reached XP level 1. HP: 15/15 MP: 3/3
     2 | D:1      | Noticed a felid
     2 | D:1      | Noticed a ghoul
     4 | D:1      | Noticed a demonspawn
     6 | D:1      | Noticed an octopode
     8 | D:1      | Noticed a human
     8 | D:1      | Noticed an ogre
    10 | D:1      | Noticed a minotaur
    12 | D:1      | Noticed a dwarf
    12 | D:1      | Noticed a formicid
    14 | D:1      | Noticed a vine stalker
    14 | D:1      | Noticed a merfolk
    16 | D:1      | Noticed a naga
    16 | D:1      | Noticed a spriggan
    18 | D:1      | Noticed a demigod
    18 | D:1      | Noticed a vampire
    20 | D:1      | Noticed a halfling
    20 | D:1      | Noticed a tengu
    22 | D:1      | Noticed a troll
    24 | D:1      | Noticed a gargoyle
    24 | D:1      | Noticed a draconian
    26 | D:1      | Noticed a centaur
    26 | D:1      | Noticed an elf
   110 | D:1      | Reached XP level 2. HP: 17/21 MP: 3/5
   114 | D:1      | Learned a level 2 spell: Sticks to Snakes
   342 | D:1      | Reached skill level 4 in Unarmed Combat
   744 | D:2      | Reached XP level 3. HP: 22/26 MP: 4/6
   758 | D:2      | Learned a level 3 spell: Spider Form
   999 | D:2      | Noticed Sigmund
  1095 | D:2      | Slain by Sigmund

Skill      XL: |  1  2 |
---------------+-------+-----
Unarmed Combat | 4 |  4.2
Fighting       | |  1.2
Dodging        | |  2.1
Spellcasting   | |  2.1
Transmutations | |  2.8
Poison Magic   | |  0.2

Action                   || total
-------------------------++-------
Melee: Unarmed           ||    91
       Headbutt          ||     6
       Kick              ||     1
       Punch             ||     1
 Cast: Beastly Appendage ||    11
       Spider Form       ||     1
  Eat: Chunk             ||     2
Armor: Robe              ||    35
Dodge: Dodged            ||    71
